 Dungeon Crawl Stone Soup version 0.19-a0-1907-gcff654f (webtiles) character file.

132 Disciple the Ducker (level 4, -1/35 HPs)
             Began as a Demonspawn Wizard on Oct 21, 2016.
             Slain by a gnoll
             ... wielding a +0 whip
              (6 damage)
             ... on level 3 of the Dungeon.
             The game lasted 00:08:18 (3971 turns).

Disciple the Ducker (Demonspawn Wizard)             Turns: 3971, Time: 00:08:18

Health: -1/35      AC:  2    Str:  7    XL:     4   Next: 92%
Magic:  0/8        EV: 13    Int: 20    God:
Gold:   126        SH:  0    Dex: 12    Spells: 1 memorised, 8 levels left

rFire  . . .     SeeInvis .     o - +0 mace
rCold  . . .     Gourm    .     a - +0 robe
rNeg   . . .     Faith    .     (no shield)
rPois  .         Spirit   .     b - +0 hat
rElec  .         Reflect  .     (no cloak)
rCorr  .         Harm     .     (no gloves)
MR     .....                    (no boots)
Stlth  ++........               (no amulet)
                                (no ring)
                                (no ring)

@: very slightly contaminated
A: horns 1, talons 1
a: no special abilities


You were on level 3 of the Dungeon.
You were not hungry.

You visited 1 branch of the dungeon, and saw 3 of its levels.

You collected 126 gold pieces.

Inventory:

Hand Weapons
 o - a +0 mace (weapon)
Missiles
 m - 4 needles of sleeping
Armour
 a - a +0 robe (worn)
 b - a +0 hat (worn)
Scrolls
 f - 2 scrolls of magic mapping {unknown}
 g - 2 scrolls of identify {unknown}
 h - 2 scrolls of fear {unknown}
 i - 4 scrolls of teleportation {unknown}
Potions
 e - a potion of haste {unknown}
 k - a potion of brilliance {unknown}
 l - a potion of ambrosia
 p - a potion of flight {unknown}
Books
 c - a book of Minor Magic

   Spells                             Type                      Level
   a - Magic Dart                     Conjuration                  1
   b - Blink                          Translocation                2
   c - Call Imp                       Summoning                    2
   d - Repel Missiles                 Charms/Air                   2
   e - Slow                           Hexes                        2
   f - Conjure Flame                  Conjuration/Fire             3
   g - Mephitic Cloud                 Conjuration/Poison/Air       3
Comestibles
 d - 3 bread rations
 n - a meat ration


   Skills:
 - Level 3.0 Fighting
 + Level 3.6 Dodging
 - Level 1.7 Stealth
 - Level 3.0 Spellcasting
 - Level 1.0 Conjurations
   Level 1.0 Summonings
   Level 0.8 Translocations


You had 8 spell levels left.
You knew the following spells:

 Your Spells              Type           Power        Failure   Level  Hunger
a - Magic Dart            Conj           #...         12%         1    None


Dungeon Overview and Level Annotations

Branches:
Dungeon (3/15)

Altars:
Fedhas
Zin


Innate Abilities, Weirdness & Mutations

You have a pair of small horns on your head.
You have sharp toenails.


Message History

Press: ? - help, Shift-Dir - straight line, f - frilled lizard
Aim: a frilled lizard The magic dart hits the frilled lizard.
The frilled lizard is heavily wounded.
The frilled lizard bites you.
You closely miss the frilled lizard. You headbutt the frilled lizard.
You kill the frilled lizard!
You hit the gnoll but do no damage. You claw the gnoll, but do no damage.
The gnoll closely misses you. The gnoll hits you with a whip.
* * * LOW HITPOINT WARNING * * *
You barely miss the gnoll. Your kick misses the gnoll.
The gnoll hits you with a whip.
* * * LOW HITPOINT WARNING * * *
Casting: Magic Dart
Confirm with . or Enter, or press ? or * to list all spells.
Aiming: Magic Dart
Press: ? - help, Shift-Dir - straight line, f - gnoll
Aim: a gnoll, wielding a whip The magic dart hits the gnoll.
The gnoll hits you with a whip.
You die...

#.###.##### #(.
#.......... #..
#.......... #.(
#.......... #..
#.#####.### .(. #.
#..# #(# . ##.#
#)###########
######.##
#..gg@.......
.........
#..##########
######.# #..# #.#
########..#
#########..
#.........#
#..........
#.#######.#
#)########.
#.#######.#### #.#
#.
######............#
#####.###### ##
##...#............#
#..........# #


You could see 2 gnolls.

Vanquished Creatures
  Jessica (D:3)
  2 adders
  2 gnolls (D:3)
  2 worms (D:2)
  A leopard gecko (D:3)
  2 orcs (D:3)
  A giant cockroach (D:1)
  14 goblins
  6 hobgoblins
  A jackal (D:2)
  9 kobolds
  2 quokkas (D:2)
  A ball python (D:3)
  9 bats
  2 frilled lizards
  8 rats
63 creatures vanquished.

Notes
Turn   | Place    | Note
-------+----------+-------------------------------------------
     0 | D:1      | Disciple the Demonspawn Wizard began the quest for the Orb.
     0 | D:1      | Reached XP level 1. HP: 13/13 MP: 4/4
    36 | D:1      | Reached skill level 1 in Fighting
   175 | D:1      | Gained mutation: You have sharp toenails. [demonic ancestry]
   175 | D:1      | Reached XP level 2. HP: 19/21 MP: 6/6
  1397 | D:1      | Reached XP level 3. HP: 15/28 MP: 4/7
  2522 | D:2      | Found a blossoming altar of Fedhas.
  2877 | D:2      | Gained mutation: You have a pair of small horns on your head. [demonic ancestry]
  2877 | D:2      | Reached XP level 4. HP: 29/35 MP: 0/8
  3673 | D:3      | Noticed Jessica
  3682 | D:3      | Killed Jessica
  3922 | D:3      | Found a glowing silver altar of Zin.
  3971 | D:3      | Slain by a gnoll

Vault maps used:
D:1:      dpeg_arrival_subterranean_lakeside_camping
D:2:      first_bread, fedhas_altar_1
D:3:      yredelemnul_forgotten_temple_becter, zin_treasury, uniq_jessica

Skill      XL: |  1  2  3  4 |
---------------+-------------+-----
Fighting       | 1 2 3 |  3.0
Dodging        | 2 3 |  3.6
Stealth        | |  1.7
Spellcasting   | |  3.0
Conjurations   | |  1.0
Summonings     | |  1.0
Translocations | |  0.8

Action                   |  1- 3 |  4- 6 || total
-------------------------+-------+-------++-------
Melee: Dagger            |   166 |    37 ||   203
       Kick              |    19 |    14 ||    33
       Mace              |       |    16 ||    16
       Headbutt          |       |     5 ||     5
Throw: Javelin           |       |     4 ||     4
 Cast: Magic Dart        |    63 |    47 ||   110
  Use: Potion            |     1 |       ||     1
 Stab: Sleeping          |     1 |       ||     1
  Eat: Chunk             |     6 |     4 ||    10
Armor: Robe              |    38 |     8 ||    46
Dodge: Dodged            |   154 |    41 ||   195
